 Dungeon Crawl Stone Soup version 0.22.1-1-ga44c0e5 (webtiles) character file.

273 Fang the Chopper (level 6, -9/39 HPs)
             Began as a Gargoyle Berserker on Sept 18, 2018.
             Was a Believer of Trog.
             Shot with an arrow by a centaur (14 damage)
             ... on level 4 of the Dungeon on Sept 20, 2018.
             The game lasted 00:03:39 (3719 turns).

Fang the Chopper (Gargoyle Berserker)               Turns: 3719, Time: 00:03:41

Health: -9/39      AC:  6    Str: 26    XL:     6   Next: 24%
Magic:  6/6        EV: 12    Int:  8    God:    Trog [**....]
Gold:   133        SH:  0    Dex:  9    Spells: 5/5 levels left

rFire    . . .     SeeInvis .   a - +0 hand axe
rCold    . . .     Gourm    .   (no shield)
rNeg     + . .     Faith    .   b - +0 animal skin
rPois    ∞         Spirit   .   (no helmet)
rElec    +         Reflect  .   (no cloak)
rCorr    .         Harm     .   (no gloves)
MR       .....                  (no boots)
Stlth    +.........             (no amulet)
HPRegen  0.13/turn              f - +4 ring of strength
MPRegen  0.10/turn              (no ring)

@: no status effects
A: negative energy resistance 1, electricity resistance, unbreathing,
petrification resistance, rot immunity, AC +4
a: Berserk, Trog's Hand, Renounce Religion


You were on level 4 of the Dungeon.
You worshipped Trog.
Trog was pleased with you.
You were not hungry.

You visited 1 branch of the dungeon, and saw 4 of its levels.

You collected 133 gold pieces.

Inventory:

Hand Weapons
 a - a +0 hand axe (weapon)
Armour
 b - a +0 animal skin (worn)
Jewellery
 f - a +4 ring of strength (left hand)
 j - an uncursed amulet of guardian spirit {unknown}
 l - an uncursed amulet of the acrobat {unknown}
Scrolls
 d - 5 scrolls of identify {unknown}
 e - a scroll of enchant armour {unknown}
 g - 7 scrolls of remove curse {unknown}
 h - a scroll of noise {unknown}
 k - a scroll of enchant weapon {unknown}
 o - a scroll of amnesia {unknown}
Potions
 i - 2 potions of curing {unknown}
 m - a potion of might {unknown}
 n - a potion of flight {unknown}
 p - a potion of cancellation {unknown}
 q - 2 potions of degeneration {unknown}
 r - 2 potions of haste {unknown}
 s - a potion of berserk rage {unknown}
Comestibles
 c - 4 rations


   Skills:
 + Level 4.7 Fighting
 + Level 4.7 Axes
 + Level 2.3 Armour
 + Level 2.6 Dodging
 + Level 1.2 Stealth


You had 5 spell levels left.
You didn't know any spells.
Your spell library was empty.

Dungeon Overview and Level Annotations

Branches:
Dungeon (4/15)
 Temple: D:4-7

Altars:
Fedhas

Shops:
D:4 %

Annotations:
D:4 LA's ghost, amateur MiFi


Innate Abilities, Weirdness & Mutations

You are resistant to torment.
Your stone body is resilient. (AC +4)
You are immune to poison.
You resist negative energy. (rN+)
You are resistant to electric shocks. (rElec)
You can survive without breathing.
You are immune to petrification.
You are immune to rotting.


Message History

an arrow; 5 gold pieces
Okay, then.
The centaur shoots an arrow.
The arrow hits you!
* * * LOW HITPOINT WARNING * * *
The centaur shoots an arrow.
The arrow hits you.
* * * LOW HITPOINT WARNING * * *
You see here 2 arrows.
The centaur shoots an arrow.
The arrow closely misses you.
The centaur unwields an uncursed shortbow.
The centaur barely misses you.
You hit the centaur but do no damage. The centaur closely misses you.
The centaur completely misses you. The centaur hits you.
* * * LOW HITPOINT WARNING * * *
The centaur closely misses you.
The centaur wields an uncursed shortbow.
The centaur shoots an arrow.
The arrow closely misses you.
The centaur shoots an arrow.
The arrow closely misses you.
The centaur shoots an arrow.
The arrow closely misses you.
The centaur shoots an arrow.
The arrow hits you!
You die...

##PP_PP.#..(##
##..PPPP......##
#....PP........#
.#........((....#
......#....(....#
#. #......c.......#
.......
#..............#
.....
##............##
.... ##...@(.....##
....
......#######.#####
... ## .####...#
#†....# #.# ..# #
#..#####..#.#
..#... #..........#
.##.##..
#....#...####
.#.....#
##...........#
.#5.#
#..##†....##.#
.#...... #.
#..#.....##


You could see a centaur.

Vanquished Creatures
  2 hounds (D:4)
  An orc priest (D:3)
  2 iguanas (D:4)
  A worker ant (D:4)
  A hound skeleton (D:2)
  3 adders
  An ooze (D:1)
  A worm (D:2)
  A dart slug (D:1)
  A leopard gecko (D:1)
  2 orcs (D:3)
  A ball python (D:2)
  3 giant cockroaches
  6 hobgoblins
  10 jackals
  2 quokkas
  4 bats
  5 frilled lizards
  8 goblins
  5 kobolds
  6 rats
66 creatures vanquished.

Notes
Turn   | Place    | Note
-------+----------+-------------------------------------------
     0 | D:1      | Fang the Gargoyle Berserker began the quest for the Orb.
     0 | D:1      | Reached XP level 1. HP: 14/14 MP: 1/1
   367 | D:1      | Reached XP level 2. HP: 16/19 MP: 2/2
  1027 | D:1      | Reached XP level 3. HP: 24/24 MP: 3/3
  1422 | D:2      | Reached ** piety under Trog
  1484 | D:2      | Reached XP level 4. HP: 26/29 MP: 4/4
  2461 | D:3      | Reached XP level 5. HP: 33/33 MP: 5/5
  2863 | D:4      | Reached skill level 1 in Stealth
  3121 | D:4      | Upgraded the game from 0.22.1 to 0.22.1-1-ga44c0e5
  3224 | D:4      | Noticed a centaur
  3384 | D:4      | Noticed LA's ghost (amateur MiFi)
  3411 | D:4      | Found Posiumej's Food Emporium.
  3468 | D:4      | Reached XP level 6. HP: 39/39 MP: 6/6
  3497 | D:4      | Found a blossoming altar of Fedhas.
  3719 | D:4      | Shot with an arrow by a centaur

Skill      XL: |  1  2  3  4  5 |
---------------+----------------+-----
Axes           | 3 4 |  4.7
Fighting       | 4 |  4.7
Dodging        | 2 |  2.6
Stealth        | 1 |  1.2
Armour         | |  2.3

Action                   |  1- 3 |  4- 6 || total
-------------------------+-------+-------++-------
Melee: Hand axe          |   102 |   128 ||   230
Invok: Berserk           |       |     3 ||     3
 Stab: Sleeping          |     1 |       ||     1
  Eat: Chunk             |     2 |    10 ||    12
Armor: Animal skin       |    45 |    44 ||    89
Dodge: Dodged            |    65 |    89 ||   154
